Map: Blackpink LE

Players

Cham

  • Race: Zerg Zerg
  • Spawn Location: 7:00

Scarlett - Winner!

  • Race: Zerg Zerg
  • Spawn Location: 1:00

Event: IEM Season 12 - PyeongChang

VOD

Have the link to the VOD?

Description

Time

  • Played on: Feb. 4, 2018, 9:26 p.m.
  • Length: 8:07

All games in this series

Show
View Real Time Build Order
Export as new Build Order

Cham Zerg 

Build Orders: 1 Base Baneling Bust, Pool First 

Get SALT Encoding   

  12  0:00  Drone  
  13  0:11  Extractor  
  12  0:24  Spawning Pool  
  11  0:28  Drone  
  11  0:34  Drone  
  13  0:39  Drone  
  14  0:50  Overlord  
  14  1:11  Zergling x4  
  16  1:12  Zergling x2  
  16  1:13  Metabolic Boost  
  17  1:22  Zergling x2  
  18  1:31  Baneling Nest  
  17  1:34  Zergling x2  
  18  1:45  Zergling x2  
  19  1:56  Zergling x2  
  20  2:10  Hatchery  
  20  2:15  Baneling x2  
  19  2:20  Zergling x2  
  20  2:27  Baneling x2  
  20  2:31  Zergling x2  
  20  2:36  Zergling x2  
  22  2:45  Overlord  
  22  3:02  Overlord  
  22  3:04  Drone  
  23  3:11  Drone  
  20  3:28  Drone  
  20  3:29  Drone  
  20  3:33  Drone x2  
  22  3:37  Queen  
  24  3:43  Zergling x2  
  23  3:56  Zergling x4  
  23  3:57  Drone  
  23  4:02  Queen  
  25  4:08  Drone x2  
  29  4:12  Baneling  
  29  4:17  Drone x2  
  29  4:20  Baneling  
  31  4:28  Drone x2  
  33  4:36  Drone  
  34  4:44  Hatchery  
  33  4:46  Drone  
  33  4:49  Drone  
  35  4:53  Drone x2  
  35  4:55  Drone  
  37  5:00  Drone x2  
  37  5:04  Overlord  
  39  5:10  Drone  
  39  5:12  Drone  
  39  5:13  Drone x2  
  43  5:19  Roach Warren  
  42  5:22  Drone  
  42  5:23  Drone  
  42  5:26  Zergling x2  
  42  5:27  Zergling x2  
  46  5:28  Drone  
  46  5:32  Extractor  
  46  5:33  Drone  
  46  5:35  Evolution Chamber  
  46  5:37  Drone  
  47  5:43  Drone x3  
  47  5:49  Overlord  
  50  5:52  Overlord  
  50  5:55  Queen  
  50  5:56  Drone  
  53  5:58  Drone x2  
  53  6:03  Zerg Missile Weapons Level 1  
  55  6:11  Lair  
  55  6:12  Drone x3  
  55  6:15  Drone x3  
  61  6:20  Drone x3  
  61  6:21  Unknown, Drone  
  61  6:24  Drone  
  65  6:29  Overlord  
  65  6:34  Drone x3  
  65  6:38  Drone  
  65  6:39  Overlord  
  68  6:40  Drone  
  68  6:42  Queen  
  68  6:44  Pneumatized Carapace  
  71  6:49  Spore Crawler  
  71  6:50  Spore Crawler  
  71  6:51  Spore Crawler  
  71  6:53  Spore Crawler  
  66  6:54  Spore Crawler  
  66  6:56  Spore Crawler  
  66  6:57  Zergling x2  
  65  7:01  Spore Crawler, Zergling x2  
  65  7:03  Spore Crawler  
  64  7:08  Spore Crawler, Zergling x6  
  64  7:09  Zergling x2  
  64  7:10  Zergling x2  
  64  7:13  Zergling x2  
  64  7:15  Zergling x4  
  64  7:17  Zergling x2  
  64  7:18  Queen  
  63  7:23  Zergling x4  
  63  7:24  Zergling x4  
  63  7:29  Queen  
  53  7:39  Zergling x2  
  53  7:40  Zergling x6  
  53  7:43  Zergling x4  
  52  7:45  Zergling x2  
  52  7:48  Zergling x2  
  52  7:50  Zergling x4  
Show
View Real Time Build Order
Export as new Build Order

Scarlett Zerg - Winner!

Build Orders: Hatch First 

Get SALT Encoding   

  12  0:00  Drone  
  13  0:12  Overlord  
  13  0:17  Drone  
  14  0:30  Drone x2  
  14  0:34  Drone  
  17  0:50  Hatchery  
  17  0:54  Drone  
  17  0:56  Drone  
  18  0:59  Extractor  
  17  1:12  Spawning Pool  
  17  1:15  Drone  
  17  1:18  Drone  
  18  1:28  Drone  
  19  1:39  Drone  
  20  1:59  Queen  
  22  2:03  Zergling x6  
  22  2:05  Metabolic Boost  
  27  2:12  Zergling x2, Spine Crawler  
  27  2:20  Baneling Nest  
  27  2:21  Zergling x2  
  27  2:26  Zergling x2  
  28  2:37  Queen  
  28  2:46  Overlord x2  
  28  3:03  Baneling  
  28  3:04  Baneling  
  28  3:05  Drone x3  
  31  3:08  Baneling  
  31  3:09  Baneling  
  31  3:11  Drone  
  32  3:15  Drone x3  
  34  3:33  Hatchery  
  29  3:39  Zergling x4  
  31  3:59  Drone x2  
  31  4:00  Drone  
  34  4:03  Lair  
  34  4:05  Extractor  
  34  4:07  Baneling  
  33  4:11  Drone  
  33  4:17  Drone  
  33  4:18  Drone  
  33  4:19  Drone  
  33  4:22  Drone  
  37  4:34  Drone  
  38  4:47  Drone x2  
  40  4:57  Drone x3  
  40  4:58  Drone  
  44  5:00  Spire  
  44  5:02  Drone  
  44  5:05  Extractor  
  43  5:08  Drone, Extractor  
  43  5:12  Drone  
  44  5:16  Overlord  
  44  5:18  Overlord  
  44  5:35  Zergling x4  
  46  5:36  Drone x4  
  46  5:37  Queen  
  52  5:45  Zergling x2  
  52  5:46  Zergling x4  
  52  5:47  Drone  
  52  5:48  Overseer  
  56  5:56  Overlord x2  
  56  6:06  Hatchery  
  55  6:12  Overlord x2, Mutalisk x2  
  55  6:15  Mutalisk x2  
  63  6:25  Drone x2, Mutalisk x3  
  71  6:34  Mutalisk  
  71  6:35  Mutalisk  
  74  6:48  Mutalisk  
  74  6:51  Zergling x10  
  74  6:52  Zergling x2  
  80  7:04  Mutalisk x2  
  80  7:07  Zergling x4  
  86  7:19  Mutalisk  
  86  7:24  Drone x2  
  88  7:30  Drone  
  88  7:34  Evolution Chamber, Mutalisk x2  
  88  7:36  Zergling x2  
  91  7:37  Zergling x10  
  94  7:46  Drone x2  
  98  7:59  Hatchery, Baneling Nest  

Tags
 
Add a new tag
Caveats
  • Supply blocks, unpowered buildings, or Contaminate may cause inaccurate times.
  • Supply counts are checked every 10 seconds.